 Dungeon Crawl Stone Soup version 0.22.1-1-ga44c0e5 (webtiles) character file.

385 Fang the Chopper (level 6, -6/39 HPs)
             Began as a Gargoyle Berserker on Sept 24, 2018.
             Was a Believer of Trog.
             Killed by divine providence
             ... invoked by an orc priest
              (12 damage)
             ... on level 4 of the Dungeon.
             The game lasted 00:03:45 (3170 turns).

Fang the Chopper (Gargoyle Berserker)               Turns: 3170, Time: 00:03:45

Health: -6/39      AC:  7    Str: 23    XL:     6   Next: 77%
Magic:  6/6        EV: 12    Int:  7    God:    Trog [**....]
Gold:   281        SH:  0    Dex:  9    Spells: 5/5 levels left

rFire    + . .     SeeInvis +   a - +0 hand axe
rCold    . . .     Gourm    .   (no shield)
rNeg     + . .     Faith    .   b - +0 animal skin
rPois    ∞         Spirit   .   e - +0 helmet {SInv}
rElec    +         Reflect  .   (no cloak)
rCorr    .         Harm     .   (no gloves)
MR       .....                  (no boots)
Stlth    +++.......             (no amulet)
HPRegen  0.13/turn              n - ring of protection from fire
MPRegen  0.10/turn              h - ring of stealth

@: berserk cooldown, slowed, very slow
A: negative energy resistance 1, electricity resistance, unbreathing,
petrification resistance, rot immunity, AC +4
a: Berserk, Trog's Hand, Renounce Religion


You were on level 4 of the Dungeon.
You worshipped Trog.
Trog was pleased with you.
You were very hungry.

You visited 1 branch of the dungeon, and saw 4 of its levels.

You collected 281 gold pieces.

Inventory:

Hand Weapons
 a - a +0 hand axe (weapon)
Armour
 b - a +0 animal skin (worn)
 e - a +0 helmet of see invisible (worn)
Jewellery
 h - a ring of stealth (right hand)
 n - a ring of protection from fire (left hand)
Wands
 s - a wand of digging (8)
Scrolls
 d - a scroll of enchant armour {unknown}
 f - 8 scrolls of identify {unknown}
 g - a scroll of amnesia {unknown}
 j - a scroll of magic mapping {unknown}
 l - 2 scrolls of blinking {unknown}
 m - a scroll of remove curse {unknown}
 o - 2 scrolls of teleportation {unknown}
 r - a scroll of random uselessness {unknown}
Potions
 i - a potion of flight {unknown}
 k - a potion of heal wounds {unknown}
 p - 2 potions of magic {unknown}
 q - a potion of curing {unknown}
Comestibles
 c - 6 rations
 t - 3 chunks of flesh


   Skills:
 + Level 4.7 Fighting
 + Level 4.8 Axes
 + Level 2.2 Armour
 + Level 2.7 Dodging
 + Level 3.0 Stealth


You had 5 spell levels left.
You didn't know any spells.
Your spell library was empty.

Dungeon Overview and Level Annotations

Branches:
Dungeon (4/15)
 Temple: D:4-7

Altars:
Zin


Innate Abilities, Weirdness & Mutations

You are resistant to torment.
Your stone body is resilient. (AC +4)
You are immune to poison.
You resist negative energy. (rN+)
You are resistant to electric shocks. (rElec)
You can survive without breathing.
You are immune to petrification.
You are immune to rotting.


Message History

You hit the orc priest but do no damage.
The orc priest is moderately wounded.
You barely miss the orc.
The orc priest calls upon Beogh to heal the orc.
The orc's wounds heal themselves!
The orc hits you but does no damage. The orc priest closely misses you.
Unknown command.
You barely miss the orc priest.
The orc priest is moderately wounded.
You hit the orc but do no damage. The orc misses you.
The orc priest looks encouraged for a moment.
Unknown command.
You hit the orc priest.
The orc priest is heavily wounded.
You hit the orc but do no damage. The orc hits you but does no damage.
The orc priest hits you but does no damage.
The orc closely misses you.
The orc priest invokes the aid of Beogh against you.
Beogh smites you!
You die...

.... ....#####
#......###
#........#####
#........ #..#
#....... #..#
#....oo####..#
#.....@'.....#
#......##....#
#.....)..<...#
#####+#.#....#
#.#....#
#......#
#######


You could see an orc priest and an orc.

Vanquished Creatures
  Duvessa (D:4)
  Dowan (D:4)
  An orc priest (D:3)
  7 gnolls (D:2)
  6 adders
  A worm (D:2)
  A dart slug (D:1)
  A leopard gecko (D:2)
  6 orcs
  3 ball pythons
  3 giant cockroaches
  4 hobgoblins
  3 jackals (D:2)
  A quokka (D:3)
  6 bats
  3 frilled lizards
  7 goblins
  6 kobolds
  14 rats
  4 fungi (D:3)
79 creatures vanquished.

Notes
Turn   | Place    | Note
-------+----------+-------------------------------------------
     0 | D:1      | Fang the Gargoyle Berserker began the quest for the Orb.
     0 | D:1      | Reached XP level 1. HP: 14/14 MP: 1/1
   419 | D:1      | Reached XP level 2. HP: 20/20 MP: 2/2
  1109 | D:2      | Reached XP level 3. HP: 21/24 MP: 3/3
  1426 | D:2      | Reached ** piety under Trog
  1558 | D:2      | Reached skill level 1 in Stealth
  1561 | D:2      | Reached XP level 4. HP: 29/29 MP: 4/4
  1814 | D:2      | Reached XP level 5. HP: 18/33 MP: 5/5
  2476 | D:3      | Found a faded altar of an unknown god.
  3018 | D:3      | Found a glowing silver altar of Zin.
  3018 | D:3      | Noticed an angel
  3136 | D:4      | Reached XP level 6. HP: 39/39 MP: 6/6
  3143 | D:4      | Noticed Duvessa
  3146 | D:4      | Noticed Dowan
  3151 | D:4      | Killed Duvessa
  3160 | D:4      | Killed Dowan
  3170 | D:4      | Killed from afar by an orc priest

Skill      XL: |  1  2  3  4  5  6 |
---------------+-------------------+-----
Axes           | 3 4 |  4.8
Fighting       | 4 |  4.7
Stealth        | 1 2 3 |  3.0
Dodging        | 2 |  2.7
Armour         | |  2.2

Action                   |  1- 3 |  4- 6 || total
-------------------------+-------+-------++-------
Melee: Hand axe          |   111 |   167 ||   278
Invok: Berserk           |     2 |     3 ||     5
 Stab: Sleeping          |     6 |     7 ||    13
  Eat: Chunk             |     3 |     8 ||    11
Armor: Animal skin       |    40 |    43 ||    83
Dodge: Dodged            |    64 |   102 ||   166
